3404 views
Uploaded 2020-02-28 22:25:36
Game version 1.32.2
25:22 long 3on3 ladder game on (6)GnollWood
Saved by BEARAND
3404 views
Uploaded 2020-02-28 22:25:36
Game version 1.32.2
25:22 long 3on3 ladder game on (6)GnollWood


84 units @ 8k
/ 0.8k
173 buildings @ 12.4k
/ 6.2k
Mata
(25:21) : 


| Scroll of Regeneration | 1 | 100 |
| Staff of Sanctuary | 2 | 500 |
| Staff of Teleportation | 3 | 450 |
| Boots of Speed | 3 | 750 |
| Circlet of Nobility | 1 | 175 |
| Healing Salve | 2 | 200 |
| Orb of Lightning | 2 | 750 |
| total: | 14 | 2925g |
| Peasant | 28 | 2100 | / | 0 |
| total: | 28 | 2100g | / | 0w |
| Scout Tower | 70 | 2100 | / | 1400 |
| Arcane Tower | 1 | 70 | / | 50 |
| Guard Tower | 28 | 1960 | / | 1400 |
| Altar of Kings | 1 | 180 | / | 50 |
| Lumber Mill | 1 | 120 | / | 0 |
| Farm | 4 | 320 | / | 80 |
| Town Hall | 1 | 385 | / | 205 |
| Arcane Vault | 3 | 390 | / | 90 |
| Keep | 1 | 320 | / | 210 |
| Castle | 1 | 360 | / | 210 |
| total: | 80 | 3495g | / | 1825w |
| 0:01 | Peasant |
| 0:03 | Altar of Kings |
| 0:11 | Peasant |
| 0:17 | Lumber Mill |
| 0:23 | Peasant |
| 0:32 | Farm |
| 0:34 | Peasant |
| 0:51 | Peasant |
| 1:02 | Scout Tower |
| 1:04 | Peasant |
| 1:09 | Farm |
| 1:15 | Peasant |
| 1:36 | Arcane Tower |
| 1:41 | Peasant |
| 1:52 | Scout Tower |
| 1:55 | Improved Masonry |
| 1:57 | Peasant |
| 2:13 | Blizzard |
| 2:22 | Guard Tower |
| 2:24 | Peasant |
| 2:41 | Peasant |
| 2:45 | Peasant |
| 2:55 | Peasant |
| 3:36 | Brilliance Aura |
| 3:42 | Scout Tower |
| 3:43 | Scout Tower |
| 3:44 | Scout Tower |
| 3:59 | Town Hall |
| 4:00 | Scout Tower |
| 4:02 | Scout Tower |
| 4:03 | Scout Tower |
| 4:15 | Healing Salve |
| 4:28 | Peasant |
| 4:29 | Peasant |
| 4:30 | Guard Tower |
| 4:50 | Guard Tower |
| 5:01 | Farm |
| 5:01 | Farm |
| 5:52 | Peasant |
| 5:52 | Peasant |
| 5:54 | Keep |
| 6:00 | Scout Tower |
| 6:01 | Scout Tower |
| 6:01 | Scout Tower |
| 6:12 | Peasant |
| 6:12 | Peasant |
| 6:53 | Guard Tower |
| 6:55 | Scout Tower |
| 6:56 | Scout Tower |
| 6:57 | Scout Tower |
| 7:00 | Scout Tower |
| 7:01 | Scout Tower |
| 7:01 | Scout Tower |
| 7:02 | Scout Tower |
| 7:02 | Scout Tower |
| 7:02 | Scout Tower |
| 7:03 | Peasant |
| 7:31 | Guard Tower |
| 7:33 | Arcane Vault |
| 7:36 | Guard Tower |
| 8:00 | Guard Tower |
| 8:01 | Scout Tower |
| 8:05 | Guard Tower |
| 8:15 | Staff of Teleportation |
| 8:16 | Boots of Speed |
| 8:39 | Scroll of Regeneration |
| 8:45 | Peasant |
| 8:46 | Scout Tower |
| 8:48 | Guard Tower |
| 8:50 | Scout Tower |
| 8:50 | Scout Tower |
| 8:51 | Scout Tower |
| 9:13 | Guard Tower |
| 9:14 | Scout Tower |
| 9:22 | Advanced Masonry |
| 9:30 | Peasant |
| 9:30 | Peasant |
| 9:32 | Storm Bolt |
| 9:36 | Guard Tower |
| 9:38 | Scout Tower |
| 9:39 | Peasant |
| 9:40 | Peasant |
| 9:44 | Guard Tower |
| 9:53 | Scout Tower |
| 9:53 | Scout Tower |
| 10:13 | Blizzard |
| 10:20 | Staff of Teleportation |
| 10:21 | Boots of Speed |
| 10:38 | Guard Tower |
| 10:39 | Scout Tower |
| 10:40 | Scout Tower |
| 10:40 | Scout Tower |
| 10:45 | Scout Tower |
| 10:46 | Scout Tower |
| 10:47 | Castle |
| 11:24 | Guard Tower |
| 11:26 | Guard Tower |
| 11:36 | Staff of Teleportation |
| 11:37 | Boots of Speed |
| 11:38 | Circlet of Nobility |
| 12:08 | Arcane Vault |
| 12:09 | Arcane Vault |
| 12:21 | Staff of Sanctuary |
| 12:43 | Bash |
| 14:09 | Healing Salve |
| 14:15 | Scout Tower |
| 14:16 | Scout Tower |
| 14:16 | Scout Tower |
| 14:17 | Scout Tower |
| 14:17 | Guard Tower |
| 14:35 | Scout Tower |
| 14:36 | Scout Tower |
| 14:36 | Scout Tower |
| 14:37 | Scout Tower |
| 14:41 | Scout Tower |
| 14:41 | Scout Tower |
| 14:41 | Scout Tower |
| 14:42 | Scout Tower |
| 14:42 | Guard Tower |
| 14:49 | Staff of Sanctuary |
| 15:05 | Scout Tower |
| 15:12 | Guard Tower |
| 15:14 | Guard Tower |
| 15:15 | Peasant |
| 15:19 | Scout Tower |
| 15:19 | Scout Tower |
| 15:19 | Scout Tower |
| 15:20 | Scout Tower |
| 15:20 | Scout Tower |
| 15:37 | Guard Tower |
| 15:38 | Guard Tower |
| 15:50 | Holy Light |
| 16:15 | Storm Bolt |
| 16:26 | Scout Tower |
| 16:27 | Scout Tower |
| 16:27 | Scout Tower |
| 16:28 | Scout Tower |
| 16:39 | Guard Tower |
| 16:45 | Scout Tower |
| 16:47 | Scout Tower |
| 17:00 | Peasant |
| 17:02 | Guard Tower |
| 17:05 | Guard Tower |
| 17:14 | Guard Tower |
| 17:16 | Scout Tower |
| 17:17 | Scout Tower |
| 17:22 | Scout Tower |
| 17:23 | Peasant |
| 17:34 | Guard Tower |
| 17:37 | Scout Tower |
| 17:38 | Scout Tower |
| 17:43 | Scout Tower |
| 17:44 | Scout Tower |
| 18:17 | Divine Shield |
| 18:39 | Brilliance Aura |
| 18:50 | Orb of Lightning |
| 21:52 | Bash |
| 23:01 | Holy Light |
| 23:29 | Orb of Lightning |
| 24:54 | Scout Tower |
| 24:54 | Scout Tower |
| 24:55 | Scout Tower |
| 24:55 | Scout Tower |
| 24:56 | Scout Tower |
| 25:10 | Blizzard |
| Right click | 1768 |
| Select | 874 |
| Select group | 409 |
| Build/train/purchase | 129 |
| Use ability | 87 |
| Assign group | 78 |
| Resource trade | 70 |
| Minimap ping | 16 |
| Chat | 4 |
| Item give/drop | 2 |
| Misc. action | 1 |


| Lesser Clarity Potion | 1 | 70 |
| Potion of Healing | 1 | 150 |
| Scroll of Town Portal | 1 | 350 |
| Boots of Speed | 2 | 500 |
| Staff of Teleportation | 1 | 150 |
| Healing Salve | 2 | 200 |
| total: | 8 | 1420g |
| Peasant | 17 | 1275 | / | 0 |
| Dragonhawk Rider | 1 | 200 | / | 30 |
| total: | 18 | 1475g | / | 30w |
| Scout Tower | 31 | 930 | / | 620 |
| Arcane Tower | 1 | 70 | / | 50 |
| Guard Tower | 27 | 1890 | / | 1350 |
| Altar of Kings | 2 | 360 | / | 100 |
| Farm | 12 | 960 | / | 240 |
| Lumber Mill | 2 | 240 | / | 0 |
| Blacksmith | 1 | 140 | / | 60 |
| Barracks | 1 | 160 | / | 60 |
| Arcane Vault | 1 | 130 | / | 30 |
| Town Hall | 1 | 385 | / | 205 |
| Gryphon Aviary | 3 | 420 | / | 450 |
| Arcane Sanctum | 1 | 150 | / | 140 |
| Keep | 1 | 320 | / | 210 |
| Castle | 1 | 360 | / | 210 |
| total: | 55 | 3875g | / | 1905w |
| 0:02 | Peasant |
| 0:02 | Peasant |
| 0:10 | Altar of Kings |
| 0:15 | Peasant |
| 0:18 | Farm |
| 0:32 | Farm |
| 0:36 | Scout Tower |
| 0:45 | Peasant |
| 0:45 | Peasant |
| 1:00 | Peasant |
| 1:05 | Lumber Mill |
| 1:07 | Peasant |
| 1:20 | Peasant |
| 1:32 | Scout Tower |
| 1:38 | Arcane Tower |
| 1:47 | Scout Tower |
| 1:52 | Peasant |
| 1:52 | Peasant |
| 2:09 | Guard Tower |
| 2:10 | Blizzard |
| 2:21 | Peasant |
| 2:21 | Peasant |
| 3:01 | Guard Tower |
| 3:03 | Scout Tower |
| 3:04 | Scout Tower |
| 3:04 | Scout Tower |
| 3:30 | Keep |
| 3:31 | Guard Tower |
| 3:44 | Improved Masonry |
| 3:45 | Farm |
| 3:46 | Farm |
| 4:53 | Healing Salve |
| 4:55 | Lesser Clarity Potion |
| 5:04 | Guard Tower |
| 5:12 | Scout Tower |
| 5:12 | Scout Tower |
| 5:13 | Scout Tower |
| 5:13 | Scout Tower |
| 5:20 | Brilliance Aura |
| 5:37 | Guard Tower |
| 5:41 | Scout Tower |
| 5:49 | Farm |
| 6:08 | Guard Tower |
| 6:10 | Scout Tower |
| 6:26 | Scout Tower |
| 6:32 | Improved Lumber Harvesting |
| 6:33 | Peasant |
| 6:33 | Peasant |
| 6:34 | Peasant |
| 6:34 | Peasant |
| 6:34 | Peasant |
| 6:42 | Guard Tower |
| 7:08 | Guard Tower |
| 7:10 | Scout Tower |
| 7:24 | Storm Bolt |
| 7:39 | Gryphon Aviary |
| 7:51 | Scout Tower |
| 7:52 | Guard Tower |
| 8:08 | Advanced Masonry |
| 8:22 | Guard Tower |
| 8:23 | Scout Tower |
| 8:28 | Castle |
| 8:30 | Farm |
| 8:31 | Farm |
| 8:55 | Scout Tower |
| 8:55 | Scout Tower |
| 8:56 | Scout Tower |
| 9:19 | Boots of Speed |
| 9:32 | Boots of Speed |
| 9:32 | Staff of Teleportation |
| 9:45 | Guard Tower |
| 9:48 | Gryphon Aviary |
| 9:50 | Gryphon Aviary |
| 9:59 | Guard Tower |
| 10:10 | Arcane Sanctum |
| 10:11 | Guard Tower |
| 10:16 | Blacksmith |
| 10:19 | Barracks |
| 10:49 | Scout Tower |
| 10:50 | Scout Tower |
| 11:06 | Arcane Vault |
| 11:23 | Guard Tower |
| 11:23 | Guard Tower |
| 11:24 | Guard Tower |
| 11:27 | Scout Tower |
| 11:27 | Scout Tower |
| 11:45 | Scout Tower |
| 11:47 | Scout Tower |
| 11:52 | Scout Tower |
| 11:52 | Scout Tower |
| 11:56 | Scout Tower |
| 11:56 | Scout Tower |
| 12:00 | Scout Tower |
| 12:00 | Scout Tower |
| 12:21 | Guard Tower |
| 12:22 | Guard Tower |
| 12:23 | Guard Tower |
| 12:28 | Dragonhawk Rider |
| 13:05 | Potion of Healing |
| 13:37 | Scroll of Town Portal |
| 14:42 | Altar of Kings |
| 14:54 | Farm |
| 15:44 | Bash |
| 17:04 | Lumber Mill |
| 17:07 | Farm |
| 17:08 | Farm |
| 17:10 | Farm |
| 17:14 | Healing Salve |
| 18:35 | Farm |
| 21:22 | Storm Bolt |
| 24:52 | Town Hall |
| Right click | 3090 |
| Select | 511 |
| Select group | 154 |
| Build/train/purchase | 116 |
| Use ability | 50 |
| Assign group | 22 |
| Resource trade | 21 |
| Misc. action | 18 |
| Chat | 14 |
| Minimap ping | 6 |
| Esc | 2 |

| Lesser Clarity Potion | 10 | 700 |
| Healing Salve | 6 | 600 |
| Scroll of Speed | 1 | 50 |
| Orb of Lightning | 1 | 375 |
| Scroll of Town Portal | 1 | 350 |
| Boots of Speed | 2 | 500 |
| Scroll of Regeneration | 1 | 100 |
| total: | 22 | 2675g |
| Peon | 19 | 1425 | / | 0 |
| Troll Batrider | 19 | 3040 | / | 760 |
| total: | 38 | 4465g | / | 760w |
| Watch Tower | 19 | 2090 | / | 1520 |
| Altar of Storms | 3 | 540 | / | 150 |
| Orc Burrow | 7 | 1120 | / | 280 |
| War Mill | 1 | 205 | / | 0 |
| Voodoo Lounge | 5 | 650 | / | 150 |
| Beastiary | 3 | 435 | / | 420 |
| Stronghold | 2 | 630 | / | 380 |
| Fortress | 2 | 650 | / | 380 |
| total: | 38 | 5040g | / | 2520w |
| 0:04 | Peon |
| 0:04 | Peon |
| 0:08 | Altar of Storms |
| 0:11 | Orc Burrow |
| 0:26 | Peon |
| 0:47 | Peon |
| 0:50 | War Mill |
| 1:04 | Voodoo Lounge |
| 1:09 | Peon |
| 1:09 | Peon |
| 1:17 | Peon |
| 1:30 | Peon |
| 1:46 | Peon |
| 1:55 | Peon |
| 2:03 | Watch Tower |
| 2:08 | Wind Walk |
| 2:10 | Lesser Clarity Potion |
| 2:10 | Lesser Clarity Potion |
| 2:10 | Healing Salve |
| 2:10 | Healing Salve |
| 2:19 | Watch Tower |
| 2:36 | Peon |
| 3:30 | Watch Tower |
| 3:56 | Watch Tower |
| 4:07 | Peon |
| 4:07 | Peon |
| 4:18 | Watch Tower |
| 4:44 | Orc Burrow |
| 4:47 | Lesser Clarity Potion |
| 5:11 | Watch Tower |
| 5:28 | Healing Salve |
| 5:35 | Scroll of Speed |
| 5:37 | Peon |
| 5:39 | Watch Tower |
| 6:03 | Peon |
| 6:03 | Peon |
| 6:28 | Stronghold |
| 6:53 | Voodoo Lounge |
| 7:05 | Critical Strike |
| 7:18 | Watch Tower |
| 7:18 | Watch Tower |
| 7:22 | Voodoo Lounge |
| 7:54 | Watch Tower |
| 7:58 | Watch Tower |
| 8:54 | Lesser Clarity Potion |
| 8:54 | Scroll of Regeneration |
| 8:58 | Scroll of Town Portal |
| 9:13 | Reinforced Defenses |
| 9:15 | Peon |
| 9:15 | Peon |
| 9:15 | Peon |
| 9:18 | Beastiary |
| 9:22 | Beastiary |
| 9:27 | Lesser Clarity Potion |
| 9:32 | Beastiary |
| 9:41 | Orc Burrow |
| 9:42 | Orc Burrow |
| 9:44 | Orc Burrow |
| 9:50 | Altar of Storms |
| 9:51 | Altar of Storms |
| 9:55 | Boots of Speed |
| 9:55 | Boots of Speed |
| 10:17 | Orc Burrow |
| 10:19 | Orc Burrow |
| 10:43 | Voodoo Lounge |
| 10:53 | Voodoo Lounge |
| 11:35 | Lesser Clarity Potion |
| 11:46 | Troll Batrider |
| 11:52 | Troll Batrider |
| 12:16 | Troll Batrider |
| 12:28 | Troll Batrider |
| 12:43 | Wind Walk |
| 12:43 | Wind Walk |
| 12:55 | Troll Batrider |
| 13:07 | Lesser Clarity Potion |
| 13:08 | Healing Salve |
| 13:08 | Healing Salve |
| 13:08 | Healing Salve |
| 13:12 | Troll Batrider |
| 13:51 | Troll Batrider |
| 14:00 | Troll Batrider |
| 14:34 | Troll Batrider |
| 15:03 | Critical Strike |
| 15:13 | Fortress |
| 15:28 | Steel Ranged Weapons |
| 15:31 | Watch Tower |
| 15:34 | Watch Tower |
| 15:50 | Troll Batrider |
| 16:07 | Troll Batrider |
| 16:18 | Watch Tower |
| 16:33 | Troll Batrider |
| 16:55 | Troll Batrider |
| 17:11 | Troll Batrider |
| 17:47 | Liquid Fire |
| 18:22 | Watch Tower |
| 18:23 | Watch Tower |
| 19:15 | Troll Batrider |
| 19:34 | Wind Walk |
| 19:45 | Troll Batrider |
| 20:11 | Lesser Clarity Potion |
| 20:14 | Orb of Lightning |
| 20:27 | Thorium Ranged Weapons |
| 21:38 | Steel Armor |
| 22:08 | Troll Batrider |
| 22:13 | Watch Tower |
| 22:14 | Watch Tower |
| 22:15 | Watch Tower |
| 22:32 | Bladestorm |
| 23:04 | Troll Batrider |
| 23:17 | Troll Batrider |
| 23:41 | Lesser Clarity Potion |
| 23:41 | Lesser Clarity Potion |
| 24:29 | Thorium Armor |
| 24:29 | Arcanite Ranged Weapons |
| Right click | 1435 |
| Select group | 531 |
| Select | 523 |
| Build/train/purchase | 147 |
| Use ability | 55 |
| Assign group | 44 |
| Misc. action | 29 |
| Resource trade | 13 |
| Item give/drop | 6 |
| Chat | 6 |
| Esc | 3 |
| Minimap ping | 2 |
157 units @ 17k
/ 1.5k
52 buildings @ 8.9k
/ 3.9k

| Lesser Clarity Potion | 1 | 70 |
| Potion of Healing | 1 | 150 |
| Dust of Appearance | 1 | 75 |
| total: | 3 | 295g |
| Wisp | 24 | 1440 | / | 0 |
| Archer | 23 | 2990 | / | 230 |
| Glaive Thrower | 1 | 210 | / | 65 |
| total: | 48 | 4640g | / | 295w |
| Ancient Protector | 5 | 675 | / | 400 |
| Altar of Elders | 3 | 540 | / | 150 |
| Moon Well | 5 | 900 | / | 200 |
| Ancient of War | 2 | 300 | / | 120 |
| Hunter's Hall | 1 | 210 | / | 100 |
| Ancient of Wonders | 1 | 90 | / | 30 |
| Tree of Life | 2 | 680 | / | 370 |
| Tree of Ages | 2 | 640 | / | 360 |
| total: | 19 | 3395g | / | 1370w |
| 0:02 | Wisp |
| 0:02 | Wisp |
| 0:06 | Altar of Elders |
| 0:22 | Moon Well |
| 0:24 | Wisp |
| 0:31 | Ancient of War |
| 0:34 | Wisp |
| 0:46 | Wisp |
| 1:01 | Wisp |
| 1:01 | Wisp |
| 1:36 | Moon Well |
| 1:42 | Archer |
| 1:45 | Wisp |
| 1:45 | Wisp |
| 1:45 | Wisp |
| 2:18 | Force of Nature |
| 2:29 | Archer |
| 2:32 | Ancient of War |
| 2:37 | Moon Well |
| 2:57 | Archer |
| 3:01 | Archer |
| 3:29 | Archer |
| 3:59 | Archer |
| 4:05 | Moon Well |
| 5:32 | Archer |
| 5:32 | Archer |
| 5:32 | Archer |
| 5:33 | Moon Well |
| 6:13 | Archer |
| 6:13 | Archer |
| 6:13 | Archer |
| 6:40 | Archer |
| 6:40 | Archer |
| 6:53 | Entangling Roots |
| 7:23 | Archer |
| 7:23 | Archer |
| 7:23 | Archer |
| 7:48 | Archer |
| 7:58 | Hunter's Hall |
| 8:33 | Wisp |
| 8:34 | Wisp |
| 8:34 | Wisp |
| 8:34 | Wisp |
| 9:44 | Tree of Ages |
| 9:48 | Ancient Protector |
| 10:06 | Ancient Protector |
| 10:07 | Ancient Protector |
| 10:10 | Ancient Protector |
| 10:18 | Tree of Ages |
| 10:24 | Ancient Protector |
| 10:41 | Ancient of Wonders |
| 10:52 | Ultravision |
| 10:56 | Glaive Thrower |
| 12:21 | Archer |
| 12:21 | Archer |
| 12:21 | Archer |
| 12:54 | Wisp |
| 12:54 | Wisp |
| 12:54 | Wisp |
| 12:55 | Wisp |
| 12:55 | Wisp |
| 12:55 | Wisp |
| 15:20 | Strength of the Moon |
| 15:44 | Tree of Life |
| 16:06 | Altar of Elders |
| 16:29 | Entangling Roots |
| 16:55 | Lesser Clarity Potion |
| 16:58 | Potion of Healing |
| 17:06 | Dust of Appearance |
| 17:14 | Improved Bows |
| 20:08 | Archer |
| 20:08 | Archer |
| 20:16 | Wisp |
| 20:16 | Wisp |
| 21:13 | Wisp |
| 21:13 | Wisp |
| 24:59 | Tree of Life |
| 25:07 | Altar of Elders |
| Right click | 1018 |
| Select | 404 |
| Select group | 176 |
| Build/train/purchase | 81 |
| Use ability | 54 |
| Assign group | 51 |
| Minimap ping | 20 |
| Misc. action | 9 |
| Chat | 4 |
| Remove unit | 2 |

| Potion of Mana | 2 | 400 |
| Moonstone | 2 | 100 |
| Lesser Clarity Potion | 4 | 280 |
| Orb of Venom | 1 | 325 |
| Dust of Appearance | 2 | 150 |
| Scroll of Town Portal | 5 | 1750 |
| Scroll of Healing | 1 | 250 |
| Boots of Speed | 1 | 250 |
| Staff of Teleportation | 1 | 150 |
| Potion of Lesser Invulnerability | 1 | 150 |
| total: | 20 | 3805g |
| Wisp | 11 | 660 | / | 0 |
| Archer | 22 | 2860 | / | 220 |
| Hippogryph | 9 | 1440 | / | 180 |
| Druid of the Talon | 4 | 580 | / | 80 |
| total: | 46 | 5540g | / | 480w |
| Ancient Protector | 1 | 135 | / | 80 |
| Altar of Elders | 1 | 180 | / | 50 |
| Moon Well | 4 | 720 | / | 160 |
| Ancient of War | 1 | 150 | / | 60 |
| Ancient of Wonders | 1 | 90 | / | 30 |
| Hunter's Hall | 1 | 210 | / | 100 |
| Ancient of Wind | 2 | 300 | / | 280 |
| Tree of Ages | 1 | 320 | / | 180 |
| Tree of Eternity | 2 | 660 | / | 400 |
| total: | 11 | 1785g | / | 760w |
| 0:01 | Wisp |
| 0:01 | Wisp |
| 0:12 | Altar of Elders |
| 0:13 | Wisp |
| 0:22 | Moon Well |
| 0:24 | Wisp |
| 0:41 | Ancient of War |
| 0:52 | Wisp |
| 0:53 | Wisp |
| 1:09 | Moon Well |
| 1:16 | Wisp |
| 1:16 | Wisp |
| 1:41 | Archer |
| 1:41 | Archer |
| 1:41 | Archer |
| 1:50 | Wisp |
| 2:17 | Wisp |
| 2:21 | Archer |
| 2:27 | Wisp |
| 2:33 | Archer |
| 2:38 | Entangling Roots |
| 3:40 | Archer |
| 3:41 | Tree of Ages |
| 3:42 | Moon Well |
| 4:24 | Ancient of Wonders |
| 4:26 | Hunter's Hall |
| 4:50 | Archer |
| 4:50 | Archer |
| 4:51 | Moon Well |
| 5:26 | Archer |
| 5:26 | Archer |
| 6:12 | Ancient of Wind |
| 6:13 | Ancient of Wind |
| 6:28 | Archer |
| 6:28 | Archer |
| 6:34 | Potion of Mana |
| 6:35 | Moonstone |
| 6:37 | Lesser Clarity Potion |
| 6:37 | Lesser Clarity Potion |
| 6:37 | Lesser Clarity Potion |
| 6:52 | Archer |
| 6:57 | Strength of the Moon |
| 8:18 | Thorns Aura |
| 8:31 | Hippogryph |
| 8:32 | Hippogryph |
| 8:32 | Hippogryph |
| 8:44 | Archer |
| 8:44 | Improved Bows |
| 8:58 | Improved Strength of the Moon |
| 9:03 | Moonstone |
| 9:30 | Dust of Appearance |
| 9:44 | Moon Armor |
| 9:46 | Nature's Blessing |
| 10:22 | Hippogryph |
| 11:01 | Entangling Roots |
| 13:10 | Archer |
| 13:10 | Archer |
| 13:10 | Archer |
| 13:10 | Archer |
| 13:10 | Archer |
| 13:11 | Hippogryph |
| 13:11 | Hippogryph |
| 13:11 | Hippogryph |
| 13:54 | Lesser Clarity Potion |
| 13:54 | Potion of Mana |
| 14:40 | Scroll of Town Portal |
| 15:12 | Thorns Aura |
| 15:38 | Archer |
| 15:39 | Archer |
| 15:39 | Archer |
| 15:40 | Improved Moon Armor |
| 15:41 | Tree of Eternity |
| 16:16 | Ancient Protector |
| 16:24 | Boots of Speed |
| 16:25 | Staff of Teleportation |
| 16:46 | Dust of Appearance |
| 17:18 | Scroll of Town Portal |
| 19:16 | Scroll of Healing |
| 19:25 | Potion of Lesser Invulnerability |
| 20:07 | Advanced Strength of the Moon |
| 20:08 | Hippogryph |
| 20:08 | Hippogryph |
| 20:10 | Orb of Venom |
| 20:18 | Marksmanship |
| 20:22 | Well Spring |
| 20:36 | Scroll of Town Portal |
| 20:36 | Scroll of Town Portal |
| 21:22 | Scroll of Town Portal |
| 23:26 | Druid of the Talon |
| 23:26 | Druid of the Talon |
| 23:26 | Druid of the Talon |
| 23:26 | Druid of the Talon |
| 24:18 | Advanced Moon Armor |
| Right click | 1950 |
| Select group | 435 |
| Select | 414 |
| Build/train/purchase | 124 |
| Assign group | 73 |
| Misc. action | 63 |
| Use ability | 50 |
| Minimap ping | 25 |
| Chat | 12 |
| Remove unit | 3 |

| Lesser Clarity Potion | 1 | 70 |
| Potion of Healing | 1 | 150 |
| Dust of Appearance | 1 | 75 |
| Boots of Speed | 1 | 250 |
| total: | 4 | 545g |
| Wisp | 29 | 1740 | / | 0 |
| Archer | 23 | 2990 | / | 230 |
| Glaive Thrower | 6 | 1260 | / | 390 |
| Huntress | 2 | 390 | / | 40 |
| Druid of the Talon | 3 | 435 | / | 60 |
| total: | 63 | 6815g | / | 720w |
| Ancient Protector | 9 | 1215 | / | 720 |
| Moon Well | 5 | 900 | / | 200 |
| Altar of Elders | 1 | 180 | / | 50 |
| Ancient of War | 2 | 300 | / | 120 |
| Ancient of Wonders | 1 | 90 | / | 30 |
| Hunter's Hall | 1 | 210 | / | 100 |
| Tree of Life | 2 | 680 | / | 370 |
| Ancient of Wind | 1 | 150 | / | 140 |
| Tree of Ages | 1 | 320 | / | 180 |
| Tree of Eternity | 1 | 330 | / | 200 |
| total: | 22 | 3725g | / | 1730w |
| 0:02 | Wisp |
| 0:03 | Wisp |
| 0:03 | Wisp |
| 0:23 | Wisp |
| 0:29 | Moon Well |
| 0:30 | Wisp |
| 0:35 | Altar of Elders |
| 0:49 | Ancient of War |
| 0:53 | Wisp |
| 1:02 | Wisp |
| 1:06 | Wisp |
| 1:35 | Wisp |
| 1:43 | Wisp |
| 1:51 | Archer |
| 1:54 | Moon Well |
| 2:00 | Archer |
| 2:17 | Ancient of Wonders |
| 2:24 | Archer |
| 2:49 | Archer |
| 2:55 | Moon Well |
| 3:13 | Entangling Roots |
| 3:49 | Archer |
| 3:49 | Archer |
| 4:33 | Archer |
| 4:34 | Archer |
| 4:41 | Archer |
| 4:42 | Tree of Ages |
| 4:44 | Archer |
| 5:37 | Archer |
| 5:37 | Archer |
| 5:41 | Hunter's Hall |
| 5:44 | Ancient of War |
| 6:15 | Archer |
| 6:15 | Archer |
| 6:33 | Archer |
| 6:48 | Archer |
| 7:12 | Glaive Thrower |
| 8:18 | Archer |
| 8:19 | Glaive Thrower |
| 8:21 | Improved Bows |
| 8:22 | Vorpal Blades |
| 8:22 | Glaive Thrower |
| 9:34 | Glaive Thrower |
| 9:35 | Nature's Blessing |
| 9:41 | Force of Nature |
| 10:12 | Wisp |
| 10:12 | Wisp |
| 10:13 | Wisp |
| 10:13 | Wisp |
| 10:21 | Ancient Protector |
| 10:54 | Moon Glaive |
| 10:58 | Huntress |
| 11:01 | Moon Well |
| 11:18 | Wisp |
| 11:21 | Ancient Protector |
| 11:35 | Glaive Thrower |
| 13:11 | Force of Nature |
| 13:15 | Archer |
| 13:15 | Archer |
| 13:26 | Archer |
| 13:26 | Glaive Thrower |
| 13:43 | Archer |
| 13:44 | Archer |
| 14:15 | Ancient of Wind |
| 14:18 | Strength of the Moon |
| 14:18 | Strength of the Wild |
| 14:25 | Ancient Protector |
| 15:48 | Tree of Eternity |
| 16:10 | Lesser Clarity Potion |
| 16:10 | Potion of Healing |
| 16:17 | Moon Well |
| 17:22 | Dust of Appearance |
| 17:24 | Boots of Speed |
| 17:47 | Archer |
| 17:58 | Druid of the Talon |
| 17:58 | Druid of the Talon Adept Training |
| 18:27 | Wisp |
| 18:28 | Wisp |
| 18:28 | Wisp |
| 18:28 | Wisp |
| 18:30 | Wisp |
| 19:18 | Ancient Protector |
| 19:25 | Ancient Protector |
| 19:29 | Sentinel |
| 19:29 | Huntress |
| 20:10 | Tree of Life |
| 20:12 | Ancient Protector |
| 20:15 | Ancient Protector |
| 21:01 | Ancient Protector |
| 21:03 | Tree of Life |
| 21:07 | Wisp |
| 21:07 | Wisp |
| 21:07 | Wisp |
| 21:31 | Druid of the Talon Master Training |
| 21:31 | Druid of the Talon |
| 21:32 | Druid of the Talon |
| 22:05 | Ancient Protector |
| 23:25 | Wisp |
| 23:25 | Wisp |
| 23:25 | Wisp |
| 23:25 | Wisp |
| 23:25 | Wisp |
| 24:33 | Wisp |
| Right click | 2119 |
| Select group | 571 |
| Select | 346 |
| Misc. action | 88 |
| Build/train/purchase | 87 |
| Use ability | 39 |
| Assign group | 25 |
| Esc | 3 |
| Item give/drop | 1 |
| Remove unit | 1 |
⇛